 Dungeon Crawl Stone Soup version 0.31-a0-1589-g8f5e8aebd6 (webtiles) character file.

Game seed: 10662789935095288506

14 wildpjah the Slasher (level 2, -1/20 (25) HPs)
             Began as a Hill Orc Reaver on Jan 6, 2024.
             Slain by a gnoll
             ... wielding a +2 whip of venom
              (3 damage)
             ... on level 1 of the Dungeon.
             The game lasted 00:01:03 (533 turns).

wildpjah the Slasher (Hill Orc Reaver)               Turns: 533, Time: 00:01:04

HP:   -1/20 (25)    AC:  4    Str: 14    XL:     2   Next: 41%
MP:   3/4           EV: 11    Int: 13    God:
Gold: 29            SH:  0    Dex:  9    Spells: 3/4 levels left

rFire   . . .        a - +0 falchion
rCold   . . .        (no shield)
rNeg    . . .        b - +0 leather armour
rPois   .            g - +0 helmet
rElec   .            (no cloak)
rCorr   .            (no gloves)
SInv    .            (no boots)
Will    .....        (no amulet)
Stlth   +            (no ring)
HPRegen 0.23/turn    (no ring)
MPRegen 0.09/turn

%: no passive effects
@: lethally poisoned (-1 -> -16), heavily drained
A: no striking features
a: no special abilities


You were on level 1 of the Dungeon.
You visited 1 branch of the dungeon, and saw 1 of its levels.

You collected 29 gold pieces.

Inventory:

Hand Weapons
 a - a +0 falchion (weapon)
Armour
 b - a +0 leather armour (worn)
 g - a +0 helmet (worn)
Scrolls
 c - a scroll of amnesia {unknown}
 d - a scroll of teleportation {unknown}
 e - a scroll of identify {unknown}
Potions
 f - a potion of might {unknown}


   Skills:
 + Level 2.4 Fighting
 + Level 3.5 Long Blades
 + Level 0.3 Armour
 + Level 1.7 Dodging
 + Level 1.7 Spellcasting
 + Level 3.2 Conjurations


You had 3 spell levels left.
You knew the following spells:

 Your Spells              Type           Power      Damage    Failure   Level
a - Kiss of Death         Conj/Necr      20%        2d7       17%         1

Your spell library contained the following spells:

 Spells                   Type           Power      Damage    Failure   Level
 Momentum Strike          Conj/Tloc      10%        3d8       26%         2
 Hailstorm                Conj/Ice       5%         3d5       45%         3


Dungeon Overview and Level Annotations

Branches:
Dungeon (1/15)

Altars:


Message History

There is an open door here.
As you open the door, it creaks loudly!
You open the door.
There is an open door here.
Found a helmet.
You see here a +0 helmet.
g - a +0 helmet You start putting on your armour.
You continue putting on your +0 helmet. x4
You finish putting on your +0 helmet.
A rat comes into view.
The rat squeaks loudly.
A gnoll comes into view. It is wielding a +2 whip of venom.
The gnoll shouts!
You hear a shout!
A hobgoblin comes into view.
You hit the gnoll.
The gnoll is lightly wounded.
The gnoll completely misses you.
You closely miss the gnoll.
The gnoll is lightly wounded.
The gnoll hits you with a +2 whip of venom!
You are poisoned.
You hit the gnoll.
The gnoll is moderately wounded.
You feel very sick. The gnoll barely misses you.
Aiming: Kiss of Death (safe; 17% risk of failure)
Press: ? - help, Q - select action Shift-Dir - straight line, f - gnoll
Aim: a gnoll, wielding a +2 whip of venom (moderately wounded, 100% to hit)
The negative energy hits the gnoll!
The gnoll is drained!
The gnoll is almost dead.
You feel drained.
You feel very sick.
The gnoll hits you with a +2 whip of venom.
You are more poisoned.
You completely miss the gnoll.
The gnoll is almost dead.
* * * LOW HITPOINT WARNING * * *
You feel very sick.
The gnoll hits you with a +2 whip of venom.
You die...

#.# #.........#
##...## #.#
#.###.###.# ##+##
#.# #.###.# #.#
#...#.# ###.#.# ###
#.#####.#.# ... .
#.........# #.##...
##.
#######.####.......
... #...@gr.# ###
######g...# #......
.#.... # ##.


You could see a gnoll (very drained), a hobgoblin and a rat.

Vanquished Creatures
  A dart slug (D:1)
  3 ball pythons (D:1)
  An endoplasm (D:1)
  A giant cockroach (D:1)
  2 hobgoblins (D:1)
  A bat (D:1)
  2 kobolds (D:1)
11 creatures vanquished.

Notes
Turn   | Place    | Note
-------+----------+-------------------------------------------
     0 | D:1      | wildpjah the Hill Orc Reaver began the quest for the Orb.
     0 | D:1      | Reached XP level 1. HP: 18/18 MP: 3/3
   143 | D:1      | Found a faded altar of an unknown god.
   227 | D:1      | Reached XP level 2. HP: 12/25 MP: 4/4
   533 | D:1      | Slain by a gnoll

Illustrated notes

Levels and vault maps discovered:
D:1:      amcnicky_arrival_choice, layout_loops_corners, basic_ecumenical_altar,
          minmay_small_reverse_x

Action                     || total
---------------------------++-------
  Melee: Falchion          ||    40
         Punch             ||     1
   Cast: Kiss of Death     ||     1
 Armour: Leather armour    ||    25
  Dodge: Dodged            ||    19

Table legend: (Time is in decaauts)
 A = Elapsed time spent in this place.
 B = Non-inter-level travel time spent in this place.
 C = Inter-level travel time spent in this place.
 D = Time resting spent in this place.
 E = Time spent auto-exploring this place.
 F = Levels seen in this place.
 G = Mean time per level.
                   A        B        C        D        E       F      G
               +--------+--------+--------+--------+--------+-----+--------+
         Total |    538 |    538 |      0 |     89 |    319 |   1 |  538.0 |
       Dungeon |    538 |    538 |      0 |     89 |    319 |   1 |  538.0 |
               +--------+--------+--------+--------+--------+-----+--------+

Top non-repeatable levels by time:
     D:1: 538 daAuts
